 Dungeon Crawl Stone Soup version 0.23-a0-586-gacb4b3f (webtiles) character file.

37 inc the Gusty (level 3, 14/14 HPs)
             Began as a Felid Air Elementalist on Dec 19, 2018.
             Quit the game on level 3 of the Dungeon.
             The game lasted 00:03:31 (2507 turns).

inc the Gusty (Felid Air Elementalist)              Turns: 2507, Time: 00:03:31

Health: 14/14      AC:  1    Str:  4    XL:     3   Next: 23%
Magic:  7/7        EV: 18    Int: 17    God:
Gold:   75         SH:  0    Dex: 16    Spells: 5/6 levels left
                                        Lives:  0   Deaths: 1

rFire    . . .     SeeInvis +   (weapon unavailable)
rCold    . . .     Gourm    .   (shield unavailable)
rNeg     . . .     Faith    .   (armour unavailable)
rPois    .         Spirit   .   (helmet unavailable)
rElec    .         Reflect  .   (cloak unavailable)
rCorr    .         Harm     .   (gloves unavailable)
MR       .....                  (boots unavailable)
Stlth    +++.......             (no amulet)
HPRegen  0.04/turn              (no ring)
MPRegen  0.10/turn              (no ring)

@: quick
A: very small, no armour, no weapons or thrown items, stealth, claws 1, fangs 3,
see invisible, carnivore, speed 1, shaggy fur 1, slow metabolism 1, sharp paws
a: no special abilities


You were on level 3 of the Dungeon.
You were not hungry.

You visited 1 branch of the dungeon, and saw 3 of its levels.

You collected 75 gold pieces.

Inventory:

Jewellery
 e - an uncursed ring of flight {unknown}
Scrolls
 a - a scroll of random uselessness {unknown}
 f - a scroll of identify {unknown}
 k - a scroll of remove curse {unknown}
 m - a scroll of enchant weapon {unknown}
Potions
 c - 2 potions of curing {unknown}
 d - a potion of haste {unknown}
 g - a potion of degeneration {unknown}
 h - a potion of flight {unknown}
 i - a potion of brilliance {unknown}
 j - a potion of mutation {unknown}
 l - a potion of heal wounds {unknown}
Comestibles
 b - 7 rations


   Skills:
 - Level 2.6 Dodging
 - Level 2.6 Stealth
 - Level 2.0 Spellcasting
 + Level 2.7 Conjurations
 + Level 3.7 Air Magic


You had 5 spell levels left.
You knew the following spells:

 Your Spells              Type           Power        Failure   Level  Hunger
a - Shock                 Conj/Air       ##..         4%          1    #......

Your spell library contained the following spells:

 Spells                   Type           Power        Failure   Level  Hunger
 Swiftness                Chrm/Air       #.......     14%         2    ###....
 Static Discharge         Conj/Air       ##......     16%         3    ###....
 Airstrike                Air            ##........   38%         4    #####..
 Lightning Bolt           Conj/Air       ##........   80%         5    ######.


Dungeon Overview and Level Annotations

Branches:
Dungeon (3/15)

Altars:
Uskayaw

Annotations:
D:3 Robin


Innate Abilities, Weirdness & Mutations

You cannot wear armour.
You are incapable of wielding weapons or throwing items.
Your paws allow you to move quietly. (Stealth)
You have sharp claws.
You have razor-sharp teeth.
You have supernaturally acute eyesight. (SInv)
You are carnivorous and can eat meat at any time.
You cover ground quickly.
You are covered in fur. (AC +1)
You have a slow metabolism.
Your sharp claws are effective at attacking unaware monsters.


Message History

Robin roars a battlecry!
The goblins go into a battle-frenzy!
A goblin comes into view.
The goblin hits you with a +0 dagger!
You see here a cyan potion.
The goblin misses you. Robin throws the goblin at you!
* * * LOW HITPOINT WARNING * * *
You barely miss the goblin.
The goblin is moderately wounded.
The goblin misses you. x2; Robin throws the goblin at you!
The goblin hits you with a +0 dagger!
You die...
The goblin barely misses you.
Robin says, "A pitiful Cat like you will never find the ORB!"
Robin roars a battlecry!
The goblin goes into a battle-frenzy!
You are now level 3!
You rejoin the land of the living...
Found a scroll labeled JOTAPT FENUED.
Are you sure you want to abandon this character and quit the game? (Confirm

....>....###
...!........
.. ...
...gg......#.
. ..
####†g..##..?
.#..
#.####....
.?. #.#....#
#.. #.<.# #.#
.........#
##.#
.....###.#
#.@# .....# #
#.## .....#
... ......
#.... ....#.
#..#. .... #
#.... #. ..
#. ..


There were no monsters in sight!

Vanquished Creatures
  3 adders (D:2)
  A worm (D:2)
  4 leopard geckos
  A ball python (D:1)
  3 bats
  2 giant cockroaches
  4 hobgoblins (D:1)
  13 kobolds
  4 frilled lizards
  9 goblins
  4 rats (D:1)
48 creatures vanquished.

Notes
Turn   | Place    | Note
-------+----------+-------------------------------------------
     0 | D:1      | inc the Felid Air Elementalist began the quest for the Orb.
     0 | D:1      | Reached XP level 1. HP: 7/7 MP: 4/4
     9 | D:1      | Reached skill level 1 in Conjurations
   329 | D:1      | Reached XP level 2. HP: 7/11 MP: 0/6
   467 | D:1      | Reached skill level 3 in Air Magic
  1082 | D:1      | Reached XP level 3. HP: 14/14 MP: 5/7
  1411 | D:2      | Found a hide-covered altar of Uskayaw.
  2038 | D:2      | Reached XP level 4. HP: 18/18 MP: 2/8
  2499 | D:3      | Noticed Robin
  2506 | D:3      | Slain by a goblin
  2507 | D:3      | Reached XP level 3. HP: -3/14 MP: 4/7
  2507 | D:3      | Quit the game

Vault maps used:
D:1:      dpeg_arrival_arbitrary_b
D:2:      minmay_diamond_boxcup, eat_drink_and_be_merry_uskayaw
D:3:      xom_teletrap_fun, ebering_ghost_reflecting_pool, grunt_decor_cap,
          uniq_robin

Skill      XL: |  1  2 |
---------------+-------+-----
Conjurations   | 1 2 |  2.7
Air Magic      | 3 |  3.7
Dodging        | |  2.6
Stealth        | |  2.6
Spellcasting   | |  2.0

Action                   |  1- 3 |  4- 6 || total
-------------------------+-------+-------++-------
Melee: Unarmed           |       |     1 ||     1
 Cast: Shock             |    98 |    22 ||   120
  Eat: Chunk             |     3 |     4 ||     7
Armor: Skin              |     2 |     2 ||     4
Dodge: Dodged            |    18 |     7 ||    25

Table legend:
 A = Non-vault XP
 B = Vault XP
 C = Vault XP percentage of total XP
 D = Non-vault monster count
 E = Vault monster count
 F = Vault count percentage of total count
                 A         B        C        D         E       F
            +---------+---------+-------+---------+---------+-------
      Total |     102 |      18 |  15.0 |      38 |      10 |  20.8
            +---------+---------+-------+---------+---------+-------
        D:1 |      41 |       0 |   0.0 |      24 |       0 |   0.0
        D:2 |      61 |      14 |  18.7 |      14 |       8 |  36.4
        D:3 |       0 |       4 | 100.0 |       0 |       2 | 100.0
            +---------+---------+-------+---------+---------+-------
